 Dungeon Crawl Stone Soup version 0.32-a0-470-g255bbe2f98 (webtiles) character file.

Game seed: 2344618748442391615

170 GenialerGandalf the Trooper (level 5, -2/47 HPs)
             Began as a Mountain Dwarf Fighter on Feb 25, 2024.
             Succumbed to a kobold brigand's curare-tipped dart
             ... in a sewer.
             The game lasted 00:06:56 (2502 turns).

GenialerGandalf the Trooper (MDFi)                  Turns: 2502, Time: 00:06:57

Health: -2/47      AC:  7    Str: 18 (20) XL:     5   Next: 25%
Magic:  4/5        EV:  9    Int:  6 (9)  God:
Gold:   167        SH:  4    Dex:  7 (9)  Spells: 4/4 levels left

rFire   . . .        a - +0 war axe
rCold   . . .        c - +0 buckler
rNeg    . . .        b - +0 scale mail
rPois   .            (no helmet)
rElec   .            (no cloak)
rCorr   .            (no gloves)
SInv    .            (no boots)
Will    .....        (no amulet) Stlth
                     (no ring)
HPRegen 0.27/turn    (no ring)
MPRegen 0.09/turn

%: no passive effects
@: lethally poisoned (-2 -> -13), hasted and slowed
A: runic magic, artefact enchanting, high MP 1
a: no special abilities


You were in a sewer.
You visited 1 branch of the dungeon, and saw 3 of its levels.
You also visited: Sewer.

You collected 167 gold pieces.

Inventory:

Hand Weapons
 a - a +0 war axe (weapon)
Armour
 b - a +0 scale mail (worn)
 c - a +0 buckler (worn)
Jewellery
 e - a ring of willpower
 f - a ring of wizardry
 o - the ring "Moiffuv" {^Drain rF+ Int+3 Stlth+}
   (You found it on level 3 of the Dungeon)

   [ring of protection from fire]

   Int+3:     It affects your intelligence (+3).
   rF+:       It protects you from fire.
   ^Drain:    It drains your maximum health when unequipped.
   Stlth+:    It makes you more stealthy.
Scrolls
 h - a scroll of immolation {unknown}
 k - a scroll of enchant armour {unknown}
 l - a scroll of poison {unknown}
 n - 3 scrolls of identify {unknown}
 r - a scroll of enchant weapon {unknown}
Potions
 d - a potion of might
 g - a potion of ambrosia {unknown}
 j - a potion of mutation
 p - a potion of attraction {unknown}


   Skills:
 + Level 4.4 Fighting
 + Level 4.2 Axes
 + Level 4.1 Armour
 + Level 0.7 Dodging
 + Level 3.9 Shields


You had 4 spell levels left.
You didn't know any spells.
Your spell library contained the following spells:

 Spells                   Type           Power      Damage    Failure   Level
 Lesser Beckoning         Tloc           0%         N/A       77%         2
 Gell's Gravitas          Tloc           0%         N/A       94%         3
 Teleport Other           Tloc           0%         N/A       94%         3


Dungeon Overview and Level Annotations

Branches:
Dungeon (3/15)              Sewer (1/1)

Altars:
Gozag

Shops:
D:2 (


Innate Abilities, Weirdness & Mutations

Your spellcasting is much less encumbered by armour.
You can use scrolls of enchantment on lesser artefacts.
You have an increased reservoir of magic. (+10% MP)


Message History

The kobold brigand throws a curare-tipped dart.
The curare-tipped dart hits you.
You are poisoned.
You have difficulty breathing.
You feel yourself slow down.
You barely miss the kobold brigand.
You feel very sick.
The kobold brigand hits you with a +0 dagger.
The kobold brigand throws a curare-tipped dart.
The curare-tipped dart hits you.
You are more poisoned.
You have difficulty breathing.
You feel as though you will be slow longer.
The kobold brigand hits you with a +0 dagger.
The kobold brigand throws a curare-tipped dart.
The curare-tipped dart hits you.
You are more poisoned.
You have difficulty breathing.
* * * LOW HITPOINT WARNING * * *
You feel as though you will be slow longer.
You feel much better.
You feel extremely sick.
The kobold brigand hits you with a +0 dagger.
It was a potion of mutation.
You feel extremely strange.
You feel less energetic.
You feel more energetic. x2
* * * LOW HITPOINT WARNING * * *
You feel extremely sick.
The kobold brigand hits you with a +0 dagger.
* * * LOW HITPOINT WARNING * * *
The kobold brigand hits you with a +0 dagger.
* * * LOW HITPOINT WARNING * * *
The kobold brigand hits you but does no damage. x2
It was a potion of degeneration.
There was something very wrong with that liquid.
You feel weakened.
You feel dopey.
You feel clumsy.
* * * LOW HITPOINT WARNING * * *
You feel very sick.
The kobold brigand barely misses you. x2
Unknown command.
It was a potion of haste.
You feel yourself speed up.
You die...

~~~~~~ ~~~ ≈≈≈≈≈~ ≈≈≈
~~~~ ~~
##############~#######
#....#~~~.P~P~~P~~P.P~
#.∩..K~~....~~~~~~...~
#...K@.~~...~~~.P.....
#!...#................
#######..............†
#.....P.........
###.............
#####.........
###.####.. ### ###


You could see 2 kobold brigands.

Vanquished Creatures
  A kobold brigand (Sewer)
  2 adders (D:3)
  3 ribbon worms (D:2)
  An orc (D:3)
  4 ball pythons
  6 endoplasms
  6 giant cockroaches
  9 hobgoblins
  4 jackals (D:3)
  9 quokkas
  6 bats
  2 frilled lizards
  4 goblins
  10 kobolds
  4 rats
71 creatures vanquished.

Notes
Turn   | Place    | Note
-------+----------+-------------------------------------------
     0 | D:1      | GenialerGandalf the Mountain Dwarf Fighter began the quest
                  | for the Orb.
     0 | D:1      | Reached XP level 1. HP: 19/19 MP: 1/1
   304 | D:1      | Reached XP level 2. HP: 23/26 MP: 2/2
  1005 | D:2      | Reached XP level 3. HP: 12/31 MP: 3/3
  1352 | D:2      | Found Azesm's Antique Weapon Emporium.
  1879 | D:3      | Found an opulent altar of Gozag.
  2053 | D:3      | Reached XP level 4. HP: 35/40 MP: 4/4
  2061 | D:3      | Identified the ring "Moiffuv" {^Drain rF+ Int+3 Stlth+}
  2345 | D:3      | Found a glowing drain.
  2360 | Sewer    | Entered a sewer
  2402 | Sewer    | Noticed a kobold brigand
  2425 | Sewer    | Killed a kobold brigand
  2426 | Sewer    | Reached XP level 5. HP: 32/47 MP: 5/5
  2500 | Sewer    | Gained mutation: Your magical capacity is low. (-10% MP)
                  | [potion of mutation]
  2500 | Sewer    | Lost mutation: Your magical capacity is low. (-10% MP)
                  | [potion of mutation]
  2500 | Sewer    | Gained mutation: You have an increased reservoir of magic.
                  | (+10% MP) [potion of mutation]
  2501 | Sewer    | HP: 2/47 [poisoned by a kobold brigand (curare-tipped
                  | dart)]
  2502 | Sewer    | Succumbed to a kobold brigand's curare-tipped dart

Illustrated notes

Levels and vault maps discovered:
D:1:      ncdulo_smallfort, layout_loops_corners, dreamdust_wishing_well
D:2:      layout_basic, serial_rivers, chequers_serial_rivers_large_a,
          chequers_serial_rivers_large_b, chequers_serial_rivers_room_a,
          chequers_serial_rivers_small_b, chequers_serial_rivers_micro_a,
          serial_shops, nicolae_shop_stone, nicolae_titane
D:3:      minmay_thinvault, layout_loops_corners, nicolae_gozag_seed_capital,
          gup_sewer_entry_pipe, ebering_ghost_sewer_d, serial_bayou_pond_b,
          bh_walls_and_bars
Sewer:    kennysheep_pipe_town

Skill      XL: |  1  2  3  4 |
---------------+-------------+-----
Axes           | 3 4 |  4.2
Armour         | 4 |  4.1
Fighting       | 4 |  4.4
Dodging        | |  0.7
Shields        | |  3.9

Action                     |  1- 3 |  4- 6 || total
---------------------------+-------+-------++-------
  Melee: War axe           |   146 |    74 ||   220
    Use: Potion            |       |     5 ||     5
 Armour: Scale mail        |   121 |    69 ||   190
  Dodge: Dodged            |    96 |    45 ||   141
  Block: Buckler           |    35 |    18 ||    53

Table legend: (Time is in decaauts)
 A = Elapsed time spent in this place.
 B = Non-inter-level travel time spent in this place.
 C = Inter-level travel time spent in this place.
 D = Time resting spent in this place.
 E = Time spent auto-exploring this place.
 F = Levels seen in this place.
 G = Mean time per level.
                   A        B        C        D        E       F      G
               +--------+--------+--------+--------+--------+-----+--------+
         Total |   2663 |   2535 |    128 |     94 |   1599 |   4 |  665.8 |
       Dungeon |   2499 |   2371 |    128 |     94 |   1598 |   3 |  833.0 |
         Sewer |    164 |    164 |      0 |      0 |      1 |   1 |  164.0 |
               +--------+--------+--------+--------+--------+-----+--------+

Top non-repeatable levels by time:
     D:2: 1041 daAuts
     D:1: 915 daAuts
     D:3: 542 daAuts
   Sewer: 164 daAuts
